 Dungeon Crawl Stone Soup version 0.27.1-34-g3ba077fa99 (webtiles) character file.

Game seed: 685521740881364271

203 Gabide the Poker (level 6, -23/48 HPs)
             Began as a Human Monk on Jan 13, 2022.
             Annihilated by an ogre (30 damage)
             ... on level 4 of the Dungeon.
             The game lasted 00:05:52 (5273 turns).

Gabide the Poker (Human Monk)                       Turns: 5273, Time: 00:05:53

Health: -23/48     AC:  3    Str: 12    XL:     6   Next: 8%
Magic:  6/6        EV: 13    Int: 16    God:
Gold:   155        SH:  0    Dex: 17    Spells: 5/5 levels left

rFire    . . .     SeeInvis .   a - +0 spear
rCold    . . .     Faith    .   (no shield)
rNeg     . . .     Spirit   .   b - +0 robe
rPois    .         Reflect  .   (no helmet)
rElec    .         Harm     .   (no cloak)
rCorr    .         Rampage  .   (no gloves)
Will     .....                  l - +0 pair of boots
Stlth    +++.......             (no amulet)
HPRegen  0.16/turn              j - ring of wizardry
MPRegen  0.10/turn              f - +6 ring of intelligence

@: no status effects
A: no striking features
a: no special abilities


You were on level 4 of the Dungeon.
You visited 1 branch of the dungeon, and saw 4 of its levels.

You collected 155 gold pieces.

Inventory:

Hand Weapons
 a - a +0 spear (weapon)
Armour
 b - a +0 robe (worn)
 l - a +0 pair of boots (worn)
Jewellery
 e - a ring of fire
 f - a +6 ring of intelligence (right hand)
 j - a ring of wizardry (left hand)
Wands
 m - a wand of charming (6)
Scrolls
 g - 2 scrolls of magic mapping
 n - 4 scrolls of teleportation
Potions
 c - a potion of lignification {unknown}
 h - a potion of might {unknown}
 i - 2 potions of haste {unknown}
 k - a potion of magic {unknown}


   Skills:
 + Level 4.2 Fighting
 + Level 4.3 Polearms
 + Level 3.4 Dodging
 + Level 3.5 Stealth


You had 5 spell levels left.
You didn't know any spells.
Your spell library contained the following spells:

 Spells                   Type           Power      Damage    Failure   Level
 Ensorcelled Hibernation  Hex/Ice        0%         N/A       16%         2
 Dazzling Flash           Conj/Hex       0%         N/A       28%         3
 Spider Form              Tmut/Pois      0%         N/A       28%         3
 Agony                    Necr           0%         N/A       93%         5
 Silence                  Hex/Air        0%         N/A       93%         5
 Shadow Creatures         Summ           N/A        N/A       100%        6


Dungeon Overview and Level Annotations

Branches:
Dungeon (4/15)
 Temple: D:4-7

Altars:


Message History

The ogre is moderately wounded.
The ogre hits you with a +0 giant spiked club!
You hit the ogre.
The ogre is heavily wounded.
The ogre hits you with a +0 giant spiked club!
You hit the ogre.
The ogre is heavily wounded.
The ogre closely misses you.
You barely miss the ogre.
The ogre is heavily wounded.
You hit the ogre.
The ogre is heavily wounded.
The ogre hits you with a +0 giant spiked club!!
* * * LOW HITPOINT WARNING * * *
You are too injured to fight recklessly!
You are too injured to fight recklessly!
You are too injured to fight recklessly!
You are too injured to fight recklessly!
You are too injured to fight recklessly!
You are too injured to fight recklessly!
You are too injured to fight recklessly!
You are too injured to fight recklessly!
You are too injured to fight recklessly!
You are too injured to fight recklessly!
You are too injured to fight recklessly!
You are too injured to fight recklessly!
You are too injured to fight recklessly!
You are too injured to fight recklessly!
You are too injured to fight recklessly!
You are too injured to fight recklessly!
You are too injured to fight recklessly!
You are too injured to fight recklessly!
You are too injured to fight recklessly!
You are too injured to fight recklessly!
You are too injured to fight recklessly!
Things that are here:
a +0 dagger; 5 stones The ogre hits you with a +0 giant spiked club!!
Ouch! That really hurt!
You die...

#### # #... #. #... ##'#
#..# ##...## #..# ##.....##
#. #o.# ##.......## ##.###
#..#
#.........####...#.#####...
+.........@................
#........O##.........#####.
#.......## ##.......## #.
##.....### #.........# ##
##.)....# ##.......##
#..###.# ##.....## #..#
.##.####..[## #######..###
##.......## #..........#
########.#


You could see an ogre.

Vanquished Creatures
  3 orc wizards (D:4)
  6 adders
  A dart slug (D:3)
  5 orcs
  4 ball pythons
  7 endoplasms
  2 giant cockroaches
  9 goblins
  2 hobgoblins
  4 jackals (D:1)
  2 quokkas
  7 bats
  2 frilled lizards
  5 kobolds
  12 rats
71 creatures vanquished.

Vanquished Creatures (collateral kills)
  A kobold (D:4)
1 creature vanquished.

Grand Total: 72 creatures vanquished

Notes
Turn   | Place    | Note
-------+----------+-------------------------------------------
     0 | D:1      | Gabide the Human Monk began the quest for the Orb.
     0 | D:1      | Reached XP level 1. HP: 18/18 MP: 1/1
   151 | D:1      | Reached XP level 2. HP: 24/24 MP: 2/2
   609 | D:1      | Reached XP level 3. HP: 29/29 MP: 3/3
  2303 | D:2      | Reached XP level 4. HP: 13/35 MP: 4/4
  2630 | D:3      | Found a faded altar of an unknown god.
  3312 | D:3      | Reached XP level 5. HP: 33/41 MP: 5/5
  4022 | D:4      | Noticed an ogre
  4694 | D:4      | Reached XP level 6. HP: 16/48 MP: 6/6
  5273 | D:4      | Annihilated by an ogre

Illustrated notes

Levels and vault maps discovered:
D:1:      minmay_arrival_nine_rooms, layout_loops_corners
D:2:      layout_basic, kennysheep_generic_room_16
D:3:      minmay_door_path, layout_rooms, dreamdust_ecumenical_altar_statues,
          kennysheep_small_spiral
D:4:      layout_loops_corners

Skill      XL: |  1  2  3  4  5 |
---------------+----------------+-----
Polearms       | 4 |  4.3
Stealth        | 3 |  3.5
Fighting       | 4 |  4.2
Dodging        | |  3.4

Action                   |  1- 3 |  4- 6 || total
-------------------------+-------+-------++-------
Melee: Spear             |   136 |   162 ||   298
Evoke: Wand              |       |     1 ||     1
  Use: Scroll            |     3 |     4 ||     7
       Potion            |       |     3 ||     3
 Stab: Sleeping          |     9 |    11 ||    20
       Distracted        |       |     1 ||     1
Armor: Robe              |    10 |    11 ||    21
Dodge: Dodged            |    67 |    75 ||   142
